Get step-by-step instructions on how to execute this build order below. Start the game timer, and the build order will tick by so you can play in parallel with StarCraft on a second screen or mobile device.

Game Time

  0:00

Last Step

  N/A

Next Step

Upcoming Step



Don't want to look back and forth between 2 screens? Try out our Overwolf App, the Spawning Tool Build Advisor to get an in-game overlay with this build!

Complete Build Order

  12  0:03  Drone  
  12  0:11  Drone  
  12  0:17  Overlord  
  12  0:40  Spawning Pool  
  12  0:41  Drone  
  12  0:46  Drone  
  12  0:48  Drone  
  12  0:56  Drone  
  12  1:14  Hatchery  
  12  1:27  Zergling x6  
  12  1:31  Extractor  
  12  1:39  Drone  
  12  1:52  Overlord